 Dungeon Crawl Stone Soup version 0.24.1-11-gbbbb2193e6 (webtiles) character file.

Game seed: 17966665601025490224, levelgen mode: deterministic

4121 Mrkan the Blocker (level 10, -3/81 HPs)
             Began as a Gnoll Fighter on May 14, 2020.
             Was a Believer of Ashenzari.
             Killed from afar by Psyche (5 damage)
             ... with a puff of flame
             ... on level 8 of the Dungeon on May 15, 2020.
             The game lasted 00:10:58 (6854 turns).

Mrkan the Blocker (Gnoll Fighter)                   Turns: 6854, Time: 00:10:59

Health: -3/81      AC:  0    Str: 21    XL:     10   Next: 27%
Magic:  17/17      EV: 24    Int: 11    God:    Ashenzari [**....]
Gold:   622        SH:  0    Dex: 20    Spells: 19/19 levels left

rFire    . . .     SeeInvis .     - Unarmed
rCold    . . .     Gourm    +   (shield currently unavailable)
rNeg     . . .     Faith    .   (armour currently unavailable)
rPois    .         Spirit   .   (helmet currently unavailable)
rElec    .         Reflect  .   (cloak currently unavailable)
rCorr    .         Harm     .   (gloves currently unavailable)
MR       .....                  (boots currently unavailable)
Stlth    +++.......             i - amulet of the gourmand
HPRegen  0.23/turn              (ring currently unavailable)
MPRegen  0.15/turn              (ring currently unavailable)

@: bat-form (expiring), flying, very quick
A: tiny, distributed training, strong nose
a: Curse Item, Scrying, Renounce Religion


You were on level 8 of the Dungeon.
You worshipped Ashenzari.
Ashenzari was pleased with you.
You were very full.
You were in bat-form.
You visited 2 branches of the dungeon, and saw 9 of its levels.
You also visited: Ossuary.

You collected 622 gold pieces.

Inventory:

Hand Weapons
 v - the cursed +3 hand axe of a ziggurat (melded) {elec, Int+2 Stlth+}
   (You found it on level 5 of the Dungeon)

   Occasionally, upon striking a foe, it will discharge some electrical energy
   and cause terrible harm.
   It affects your intelligence (+2).
   It makes you more stealthy.
   It has a curse placed upon it.
 K - a +0 hunting sling
Missiles
 t - 2 atropa-tipped darts (quivered)
 w - 61 stones
 L - 8 silver javelins
Armour
 a - a scarf of resistance (melded)
 c - a cursed +0 shield (melded)
 p - a scarf of cloud immunity
 r - a cursed +0 plate armour (melded)
 N - a +1 pair of boots (melded)
Jewellery
 i - an amulet of the gourmand (around neck)
 l - an uncursed ring of magical power
 o - an uncursed ring of fire
 D - a +6 ring of dexterity (melded)
Wands
 d - a wand of polymorph (12)
 u - a wand of disintegration (8)
 M - a wand of acid (7)
Scrolls
 e - 4 scrolls of blinking {unknown}
 h - 3 scrolls of enchant weapon {unknown}
 j - 7 scrolls of identify {unknown}
 k - 4 scrolls of magic mapping {unknown}
 n - 6 scrolls of remove curse
 q - 3 scrolls of enchant armour {unknown}
 s - a scroll of fog {unknown}
 y - 3 scrolls of immolation {unknown}
 B - 2 scrolls of noise {unknown}
 C - 2 scrolls of fear {unknown}
 E - 2 scrolls of amnesia {unknown}
 F - a scroll of vulnerability {unknown}
 H - 5 scrolls of teleportation {unknown}
 I - 2 scrolls of holy word {unknown}
Potions
 b - 2 potions of flight
 g - 2 potions of brilliance {unknown}
 m - a potion of lignification {unknown}
 x - 2 potions of mutation {unknown}
 z - 3 potions of heal wounds {unknown}
 A - 4 potions of curing {unknown}
 G - a potion of ambrosia {unknown}
 J - a potion of resistance {unknown}
 O - a potion of agility {unknown}
 P - a potion of magic {unknown}
Comestibles
 f - 16 rations


   Skills:
 + Level 8.3 Fighting
 + Level 5.0 Short Blades
 + Level 5.0 Long Blades
 + Level 6.9(9.2) Axes
 + Level 5.0 Maces & Flails
 + Level 5.0 Polearms
 + Level 5.0 Staves
 + Level 5.0 Slings
 + Level 5.0 Bows
 + Level 5.0 Crossbows
 + Level 5.0 Throwing
 + Level 8.3 Armour
 + Level 5.0 Dodging
 + Level 5.0 Stealth
 + Level 8.3(9.8) Shields
 + Level 5.0 Unarmed Combat
 + Level 5.0 Spellcasting
 + Level 4.1 Conjurations
 + Level 4.1 Hexes
 + Level 4.1 Charms
 + Level 4.1 Summonings
 + Level 4.1 Necromancy
 + Level 4.1 Translocations
 + Level 4.1 Transmutations
 + Level 4.1 Fire Magic
 + Level 4.1 Ice Magic
 + Level 4.1 Air Magic
 + Level 4.1 Earth Magic
 + Level 4.1 Poison Magic
 + Level 5.5 Invocations
 + Level 5.0 Evocations


You had 19 spell levels left.
You didn't know any spells.
Your spell library contained the following spells:

 Spells                   Type           Power        Failure   Level  Hunger
 Confusing Touch          Hex            ##....       3%          1    None
 Sandblast                Erth           ##....       3%          1    None
 Passwall                 Tmut/Erth      ##......     6%          2    ##.....
 Confuse                  Hex            ##......     12%         3    ###....
 Gell's Gravitas          Tloc           ##........   12%         3    ###....
 Stone Arrow              Conj/Erth      ##....       12%         3    ###....
 Petrify                  Tmut/Erth      ##......     36%         4    ####...
 Lee's Rapid Deconstruct  Erth           ##........   71%         5    ######.
 Metabolic Englaciation   Hex/Ice        ##........   71%         5    ######.
 Yara's Violent Unravell  Hex/Tmut       ##........   71%         5    ######.


Dungeon Overview and Level Annotations

Branches:
Dungeon (8/15)             Temple (1/1) D:4         Ossuary (visited)
   Lair: D:8-11

Altars:
Ashenzari
Cheibriados
Dithmenos
Elyvilon
Gozag
Hepliaklqana
Kikubaaqudgha
Makhleb
Nemelex Xobeh
Qazlal
Ru
Sif Muna
Trog
Uskayaw
Wu Jian
Yredelemnul
Zin

Annotations:
D:5 2 transporters, VeryBadPlayer's ghost, novice MiFi
D:8 2 transporters, Peloso's ghost, novice DsFi; Psyche


Innate Abilities, Weirdness & Mutations

Your experience applies equally to all skills.
((You have very sharp teeth.))
Your uncanny sense of smell can sniff out nearby items.


Message History

You hit something but do no damage. Something hits you.
Space warps horribly around you!
* * * LOW HITPOINT WARNING * * *
Something hits you.
* * * LOW HITPOINT WARNING * * *
Space bends around you.
* * * LOW HITPOINT WARNING * * *
It was a potion of flight.
You feel more buoyant.
Your transformation is almost over.
Something misses you.
You hear a zap.
Something tries to affect you, but you resist.
You hear a zap.
Something tries to affect you, but you resist.
A magic dart appears from out of thin air!
The magic dart hits you.
* * * LOW HITPOINT WARNING * * *
A puff of flame appears from out of thin air!
The puff of flame hits you.
You die...

#.#.#.....#.#......##.##.
#.#.........#.....##..##.
#.##8WVcy.8##.....##...#.
#..#########......##.....
##.....©.......#.....##..
#####...................
#..........#.##......
###.##.##.####..##...
##b..#....<...#....
###...........###...
##..............#....
#....................
##...{...............
#####...#....#......
*##(.##.###...... * ,
##..#..#####.## * ,
####.#[.## #..#


You could see a vampire, a centaur and Peloso's ghost.

Vanquished Creatures
  Pikel (D:8)
  A hippogriff (D:7)
  Eustachio (D:5)
  Grum (D:8)
  Menkaure (Ossuary)
  A water moccasin (D:6)
  A sky beast (D:8)
  3 slaves (D:8)
  2 ice beasts
  A necrophage (D:6)
  3 ogres
  2 phantoms
  4 wolves
  2 centaurs (D:5)
  A crocodile (D:8)
  An elf zombie (Ossuary)
  3 bullfrogs (D:6)
  3 scorpions
  A howler monkey (D:6)
  A jelly (D:6)
  A crimson imp (D:5)
  A bullfrog zombie (D:8)
  3 hounds
  2 orc priests
  3 centaur zombies (Ossuary)
  2 centaur skeletons
  3 orc wizards
  Ijyb (D:3)
  3 iguanas
  5 worker ants
  A killer bee zombie (D:7)
  2 ogre zombies (Ossuary)
  A hound skeleton (D:5)
  6 mummies (Ossuary)
  A worker ant zombie (D:6)
  10 gnolls
  9 adders
  2 shadow imps (D:5)
  2 oozes (D:1)
  3 adder skeletons
  5 adder zombies
  6 worms
  6 leopard geckos
  11 orcs
  2 ball pythons
  7 giant cockroaches
  A gnoll zombie (Ossuary)
  3 goblins
  6 hobgoblins
  8 jackals
  11 kobolds
  3 quokkas
  5 bats
  2 frilled lizards
  7 goblin zombies
  5 hobgoblin zombies (Ossuary)
  2 jackal skeletons
  3 kobold zombies (Ossuary)
  3 leopard gecko skeletons
  An orc zombie (Ossuary)
  2 quokka zombies
  5 rats
  3 rat zombies (Ossuary)
202 creatures vanquished.

Vanquished Creatures (others)
  An adder (D:2)
  4 plants (D:5)
5 creatures vanquished.

Grand Total: 207 creatures vanquished

Notes
Turn   | Place    | Note
-------+----------+-------------------------------------------
     0 | D:1      | Mrkan the Gnoll Fighter began the quest for the Orb.
     0 | D:1      | Reached XP level 1. HP: 23/23 MP: 1/1
   186 | D:1      | Reached XP level 2. HP: 29/29 MP: 2/2
   566 | D:1      | Reached XP level 3. HP: 35/35 MP: 3/3
  1007 | D:2      | Reached skill level 1 in Invocations
  1101 | D:2      | Found a faded altar of an unknown god.
  1158 | D:2      | Reached skill level 1 in Short Blades
  1158 | D:2      | Reached skill level 1 in Long Blades
  1158 | D:2      | Reached skill level 1 in Maces & Flails
  1158 | D:2      | Reached skill level 1 in Polearms
  1158 | D:2      | Reached skill level 1 in Staves
  1158 | D:2      | Reached skill level 1 in Slings
  1158 | D:2      | Reached skill level 1 in Bows
  1158 | D:2      | Reached skill level 1 in Crossbows
  1158 | D:2      | Reached skill level 1 in Throwing
  1158 | D:2      | Reached skill level 1 in Dodging
  1158 | D:2      | Reached skill level 1 in Stealth
  1158 | D:2      | Reached skill level 1 in Unarmed Combat
  1158 | D:2      | Reached skill level 1 in Spellcasting
  1158 | D:2      | Reached skill level 1 in Evocations
  1158 | D:2      | Reached XP level 4. HP: 5/41 MP: 5/5
  1158 | D:2      | Reached skill level 1 in Conjurations
  1158 | D:2      | Reached skill level 1 in Hexes
  1158 | D:2      | Reached skill level 1 in Charms
  1158 | D:2      | Reached skill level 1 in Summonings
  1158 | D:2      | Reached skill level 1 in Necromancy
  1158 | D:2      | Reached skill level 1 in Translocations
  1158 | D:2      | Reached skill level 1 in Transmutations
  1158 | D:2      | Reached skill level 1 in Fire Magic
  1158 | D:2      | Reached skill level 1 in Ice Magic
  1158 | D:2      | Reached skill level 1 in Air Magic
  1158 | D:2      | Reached skill level 1 in Earth Magic
  1158 | D:2      | Reached skill level 1 in Poison Magic
  1493 | D:2      | Found a stormy altar of Qazlal.
  1515 | D:2      | Reached XP level 5. HP: 33/47 MP: 6/6
  1842 | D:3      | Noticed Ijyb
  1842 | D:3      | Paralysed by Ijyb for 4 turns
  1849 | D:3      | Paralysed by Ijyb for 4 turns
  1857 | D:3      | Paralysed by Ijyb for 3 turns
  1879 | D:3      | Killed Ijyb
  2136 | D:3      | Reached XP level 6. HP: 53/53 MP: 8/8
  2486 | D:4      | Reached skill level 5 in Axes
  2509 | D:4      | Noticed a phantom
  2528 | D:4      | Killed a phantom
  2574 | D:4      | Reached XP level 7. HP: 39/59 MP: 10/10
  3196 | D:4      | Found a staircase to the Ecumenical Temple.
  3251 | Temple   | Entered the Ecumenical Temple
  3340 | Temple   | Became a worshipper of Ashenzari the Shackled
  3488 | D:5      | Entered Level 5 of the Dungeon
  3593 | D:5      | Got the cursed hand axe of a ziggurat {elec, Int+2 Stlth+}
  3594 | D:5      | Identified the cursed +3 hand axe of a ziggurat {elec,
                  | Int+2 Stlth+} (You found it on level 5 of the Dungeon)
  3708 | D:5      | Reached XP level 8. HP: 60/67 MP: 12/12
  3822 | D:5      | Found a sand-covered staircase.
  3829 | Ossuary  | Entered an ossuary
  4018 | Ossuary  | Noticed Menkaure
  4027 | Ossuary  | Killed Menkaure
  4305 | D:5      | Identified the cursed +0 trident "Ofibaf" {elec, rF+ Int-3
                  | Dex+2}
  4305 | D:5      | Identified the +4 scale mail of Miracles {*Corrode Dex+4}
  4306 | D:5      | Found a transporter.
  4313 | D:5      | Found a transporter.
  4316 | D:5      | Noticed VeryBadPlayer's ghost (novice MiFi)
  4448 | D:5      | Noticed Eustachio
  4466 | D:5      | Killed Eustachio
  4543 | D:5      | Reached XP level 9. HP: 48/72 MP: 14/14
  4692 | D:6      | Reached * piety under Ashenzari
  5065 | D:6      | Found a snail-covered altar of Cheibriados.
  5874 | D:7      | Reached ** piety under Ashenzari
  6174 | D:8      | Reached skill level 5 in Invocations
  6221 | D:7      | Reached XP level 10. HP: 31/80 MP: 15/17
  6486 | D:8      | Found a transporter.
  6528 | D:8      | Noticed Grum
  6541 | D:8      | Killed Grum
  6650 | D:8      | Found a transporter.
  6650 | D:8      | Noticed Peloso's ghost (novice DsFi)
  6655 | D:8      | Noticed Pikel
  6670 | D:8      | Killed Pikel
  6670 | D:8      | Reached skill level 5 in Short Blades
  6670 | D:8      | Reached skill level 5 in Long Blades
  6670 | D:8      | Reached skill level 5 in Maces & Flails
  6670 | D:8      | Reached skill level 5 in Polearms
  6670 | D:8      | Reached skill level 5 in Staves
  6670 | D:8      | Reached skill level 5 in Slings
  6670 | D:8      | Reached skill level 5 in Bows
  6670 | D:8      | Reached skill level 5 in Crossbows
  6670 | D:8      | Reached skill level 5 in Throwing
  6670 | D:8      | Reached skill level 5 in Dodging
  6670 | D:8      | Reached skill level 5 in Stealth
  6670 | D:8      | Reached skill level 5 in Unarmed Combat
  6670 | D:8      | Reached skill level 5 in Spellcasting
  6670 | D:8      | Reached skill level 5 in Evocations
  6770 | D:8      | Found a hazy altar of Hepliaklqana.
  6819 | D:8      | Noticed Psyche
  6854 | D:8      | HP: 2/81 [something/magic dart (4)]
  6854 | D:8      | Killed from afar by Psyche

Levels and vault maps discovered:
D:1:      wander_arrival_estate, layout_basic
D:2:      layout_rooms, chequers_ecumenical_altar_simple_redux, first_ration,
          grunt_qazlal_clouds
D:3:      minmay_evil_eye, layout_basic, uniq_ijyb
D:4:      layout_basic, temple_doors_ab
D:5:      layout_cave_pools, gammafunk_ghost_gnarly_gnolls, enter_ossuary_4,
          uniq_eustachio
D:6:      layout_cave_pools, cheibrodos_worm_habitat
D:7:      layout_basic
D:8:      layout_cave_pools, marbit_many_paths, gammafunk_ghost_arena,
          uniq_grum, uniq_psyche, uniq_pikel
Temple:   compressed_dpeg_circular_temple

Skill      XL: |  1  2  3  4  5  6  7  8  9 10 |
---------------+-------------------------------+-----
Invocations    | 1 2 3 4 5 |  5.5
Short Blades   | 1 2 3 4 5 |  5.0
Long Blades    | 1 2 3 4 5 |  5.0
Maces & Flails | 1 2 3 4 5 |  5.0
Polearms       | 1 2 3 4 5 |  5.0
Staves         | 1 2 3 4 5 |  5.0
Slings         | 1 2 3 4 5 |  5.0
Bows           | 1 2 3 4 5 |  5.0
Crossbows      | 1 2 3 4 5 |  5.0
Throwing       | 1 2 3 4 5 |  5.0
Dodging        | 1 2 3 4 5 |  5.0
Stealth        | 1 2 3 4 5 |  5.0
Unarmed Combat | 1 2 3 4 5 |  5.0
Spellcasting   | 1 2 3 4 5 |  5.0
Evocations     | 1 2 3 4 5 |  5.0
Conjurations   | 1 2 3 4 |  4.1
Hexes          | 1 2 3 4 |  4.1
Charms         | 1 2 3 4 |  4.1
Summonings     | 1 2 3 4 |  4.1
Necromancy     | 1 2 3 4 |  4.1
Translocations | 1 2 3 4 |  4.1
Transmutations | 1 2 3 4 |  4.1
Fire Magic     | 1 2 3 4 |  4.1
Ice Magic      | 1 2 3 4 |  4.1
Air Magic      | 1 2 3 4 |  4.1
Earth Magic    | 1 2 3 4 |  4.1
Poison Magic   | 1 2 3 4 |  4.1
Axes           | 5 6 |  6.9
Fighting       | 7 8 |  8.3
Armour         | 7 8 |  8.3
Shields        | 7 8 |  8.3

Action                   |  1- 3 |  4- 6 |  7- 9 | 10-12 || total
-------------------------+-------+-------+-------+-------++-------
Melee: War axe           |    74 |   153 |    55 |       ||   282
       Bite              |     9 |    17 |    59 |     3 ||    88
       Hand axe          |       |       |   292 |    40 ||   332
       Unarmed           |       |       |       |    21 ||    21
Invok: Curse Item        |       |       |     2 |       ||     2
  Use: Potion            |     1 |       |       |     1 ||     2
  Eat: Chunk             |     1 |     5 |    19 |     3 ||    28
Armor: Scale mail        |    31 |    14 |       |       ||    45
       Plate armour      |       |    62 |   123 |    15 ||   200
Dodge: Dodged            |    31 |    46 |    68 |    20 ||   165
Block: Shield            |    55 |   102 |   187 |    30 ||   374
